 Dungeon Crawl Stone Soup version 0.19.1 (webtiles) character file.

28952 Dfrag the Destroyer (level 13, -2/79 HPs)
             Began as a Demonspawn Fire Elementalist on Nov 25, 2016.
             Was an Initiate of Gozag.
             Slain by a hornet (14 damage)
             ... on level 6 of the Lair of Beasts.
             The game lasted 00:36:50 (13008 turns).

Dfrag the Destroyer (Demonspawn Fire Elementalist) Turns: 13008, Time: 00:36:51

Health: -2/79      AC:  7    Str:  8    XL:     13   Next: 12%
Magic:  0/47       EV: 12    Int: 20    God:    Gozag
Gold:   638        SH:  0    Dex: 20    Spells: 4 memorised, 23 levels left

rFire  . . .     SeeInvis .     j - +4 spear of Abuse {chaos, MR+ MP+9 Dex+4}
rCold  + . .     Gourm    .     N - +2 robe {MR+}
rNeg   . . .     Faith    .     (no shield)
rPois  .         Spirit   +     q - +0 helmet of Fun and Games {Regen+}
rElec  .         Reflect  .     u - +0 cloak
rCorr  .         Harm     .     D - +0 pair of gloves
MR     ++...                    (boots unavailable)
Stlth  ++........               e - amulet of magic regeneration
                                h - ring of magical power
                                f - ring of protection from cold

@: slowed, very slow
A: talons 3, magic shield, rot immunity, sturdy frame 3
a: Potion Petition, Call Merchant, Bribe Branch, Renounce Religion


You were on level 6 of the Lair of Beasts.
You worshipped Gozag.
Gozag was pleased with you.
You were not hungry.

You visited 3 branches of the dungeon, and saw 16 of its levels.
You also visited: Ice Cave.

You collected 2954 gold pieces.
You spent 784 gold pieces at shops.
You paid 1532 gold pieces to Gozag.

Inventory:

Hand Weapons
 j - the +4 spear of Abuse (weapon) {chaos, MR+ MP+9 Dex+4}
   (You found it in an ice cave)

   Each time it hits an enemy it has a different, random effect.
   It affects your dexterity (+4).
   It affects your resistance to hostile enchantments.
   It affects your magic capacity (+9).
 Q - a +2 triple sword of freezing
Armour
 q - the +0 helmet of Fun and Games (worn) {Regen+}
   (You took it off Robin on level 2 of the Dungeon)

   It increases your rate of regeneration.
 u - a +0 cloak (worn)
 D - a +0 pair of gloves (worn)
 N - a +2 robe of magic resistance (worn)
Jewellery
 e - an amulet of magic regeneration (around neck)
 f - a ring of protection from cold (left hand)
 h - a ring of magical power (right hand)
 U - a +3 ring of protection
 W - an uncursed amulet of harm {unknown}
 X - an uncursed ring of flight
Wands
 p - a wand of random effects (27/48)
 s - a wand of lightning (2/15)
 y - a wand of paralysis (7/24)
 B - a wand of lightning (6/15)
 F - a wand of digging (15/24)
Scrolls
 g - 5 scrolls of amnesia
 i - a scroll of fog
 l - a scroll of recharging
 m - 2 scrolls of holy word
 n - 2 scrolls of enchant weapon
 o - 4 scrolls of remove curse
 r - 7 scrolls of noise
 x - a scroll of blinking
 J - 3 scrolls of magic mapping
 K - 2 scrolls of fear
 L - 2 scrolls of immolation
 P - 4 scrolls of enchant armour
 Y - 2 scrolls of teleportation
Potions
 d - 8 potions of curing
 k - 3 potions of flight
 t - 3 potions of lignification
 w - 2 potions of agility {unknown}
 A - a potion of resistance {unknown}
 E - a potion of heal wounds {unknown}
 G - a potion of brilliance {unknown}
 M - a potion of ambrosia {unknown}
 S - 2 potions of cure mutation {unknown}
 T - 3 potions of might {unknown}
 Z - a potion of cancellation {unknown}
Books
 a - a book of Party Tricks

   Spells                             Type                      Level
   a - Summon Butterflies             Summoning                    1
   b - Apportation                    Translocation                1
   c - Lesser Beckoning               Translocation                3
   d - Tukima's Dance                 Hexes                        3
   e - Alistair's Intoxication        Transmutation/Poison         5
   f - Invisibility                   Hexes                        6
 b - a book of Flames

   Spells                             Type                      Level
   a - Flame Tongue                   Conjuration/Fire             1
   b - Throw Flame                    Conjuration/Fire             2
   c - Conjure Flame                  Conjuration/Fire             3
   d - Inner Flame                    Hexes/Fire                   3
   e - Sticky Flame                   Conjuration/Fire             4
   f - Fireball                       Conjuration/Fire             5
 C - a book of Changes

   Spells                             Type                      Level
   a - Beastly Appendage              Transmutation                1
   b - Sticks to Snakes               Transmutation                2
   c - Spider Form                    Transmutation/Poison         3
   d - Ice Form                       Ice/Transmutation            4
   e - Blade Hands                    Transmutation                5
 H - a book of Debilitation

   Spells                             Type                      Level
   a - Corona                         Hexes                        1
   b - Slow                           Hexes                        2
   c - Gell's Gravitas                Hexes/Translocation          3
   d - Inner Flame                    Hexes/Fire                   3
   e - Cause Fear                     Hexes                        4
   f - Leda's Liquefaction            Hexes/Earth                  4
 I - a book of Maledictions

   Spells                             Type                      Level
   a - Corona                         Hexes                        1
   b - Ensorcelled Hibernation        Hexes/Ice                    2
   c - Confuse                        Hexes                        3
   d - Tukima's Dance                 Hexes                        3
   e - Dazzling Spray                 Conjuration/Hexes            3
Comestibles
 c - 10 bread rations
 v - 5 meat rations


   Skills:
 - Level 1.7 Dodging
 - Level 1.7 Stealth
 + Level 12.0 Spellcasting
 + Level 12.7 Conjurations
 + Level 12.2 Fire Magic


You had 23 spell levels left.
You knew the following spells:

 Your Spells              Type           Power        Failure   Level  Hunger
a - Flame Tongue          Conj/Fire      #####        1%          1    None
b - Conjure Flame         Conj/Fire      ######..     1%          3    None
c - Fireball              Conj/Fire      ######....   1%          5    ####...
d - Sticky Flame          Conj/Fire      ######..     1%          4    #......


Dungeon Overview and Level Annotations

Branches:
Dungeon (9/15)             Temple (1/1) D:7            Lair (6/6) D:8
 Shoals (0/4) Lair:4        Snake (0/4) Lair:4        Slime (0/5) Lair:6
    Orc (0/2) D:9

Altars:
Dithmenos
Elyvilon
Fedhas
Gozag
Hepliaklqana
Nemelex Xobeh
Okawaru
Ru
Trog
Vehumet
Xom
Yredelemnul
The Shining One

Shops:
D:7 ?   Lair:4 *


Innate Abilities, Weirdness & Mutations

You have claws for feet.
When hurt, damage is shared between your health and your magic reserves.
You are immune to rotting.
Your movements are significantly less encumbered by armour. (ER -6)


Message History

The hornet is lightly wounded.
The hornet is covered in liquid flames!
You feel sick.
The hornet burns!
The hornet stings you.
* * * LOW HITPOINT WARNING * * *
You are lethally poisoned!
You feel yourself slow down. The hornet stings you.
* * * LOW HITPOINT WARNING * * *
You feel as though you will be slow longer.
You feel better.
You feel yourself speed up.
The hornet burns!
The hornet stings you!
* * * LOW HITPOINT WARNING * * *
You are poisoned.
You feel yourself slow down. The hornet stings you.
* * * LOW HITPOINT WARNING * * *
You feel as though you will be slow longer.
You feel better.
The hornet burns! x2; The hornet completely misses you.
The hornet stings you!
You die...
Your body crumbles into a pile of gold.

**,...............,,,,**,****,**
*,,.............#*,,,,*,$,,,$$,*
**,.............##,,,,**,$,,$,**
*,,............P.#*,,,,*,,,,,,*,
**,...........P...**,,,**,,,,**,
*,............S.S,**,,,*,,,,*,,
*,......$$#***,,,,,**,,**,,**,,
**,........######,,,,**,,*,,*,,*
*,,.......$##.P@###,,,,,,*,,*,**
*,,.........##yP..###$,***,,***,
*..............P....###**,,,,***
*#....................#*,,,,,,**
##....................#*,,,,,,**
#...................###**,,,,,,*
*#................###,,******,,,
#............P.###,,,,,,,**,,**
##............###,,,,**,,****,,*


You could see a hornet (burning).

Vanquished Creatures
  3 hydras
  Erica (D:9)
  3 death yaks
  Pikel (D:9)
  A wolf spider (Lair:6)
  Psyche (D:9)
  4 black mambas
  2 ice statues (IceCv)
  A rime drake (Lair:6)
  6 spiny frogs
  3 komodo dragons
  9 ice devils (IceCv)
  2 polar bears
  Grinder (D:6)
  2 two-headed ogres (D:8)
  A blink frog (Lair:4)
  6 dream sheep
  4 hippogriffs
  Sigmund (D:3)
  25 yaks
  Eustachio (D:4)
  3 basilisks
  2 wyverns
  3 wargs (D:9)
  Menkaure (D:6)
  6 nagas (Lair:4)
  17 water moccasins
  2 hell hounds
  7 porcupines
  Purgy (D:3)
  2 orc warriors
  4 slaves (D:9)
  2 phantoms
  5 ogres
  3 centaurs
  11 crocodiles
  3 big kobolds
  A gnoll sergeant (D:9)
  11 bullfrogs
  3 scorpions
  10 wights
  2 electric eels (Lair:5)
  3 crimson imps
  2 bullfrog zombies
  A quasit (D:9)
  A bullfrog skeleton (D:9)
  4 hounds
  Crazy Yiuf (D:2)
  A gnoll shaman (D:9)
  12 orc wizards
  2 centaur skeletons
  2 iguanas
  5 worker ants
  2 hound skeletons
  Robin (D:2)
  10 adders
  22 gnolls
  2 shadow imps
  18 white imps
  10 ufetubi (IceCv)
  2 oozes
  3 worms
  6 leopard geckos
  37 orcs
  2 ball pythons
  5 bats
  5 giant cockroaches
  6 hobgoblins
  21 jackals
  A quokka (D:6)
  4 frilled lizards
  14 goblins
  14 kobolds
  A leopard gecko skeleton (D:5)
  6 rats
  2 plants (Lair:4)
405 creatures vanquished.

Vanquished Creatures (others)
  A reaper (IceCv)
  3 white imps (IceCv)
  An ufetubus (IceCv)
  A kobold (D:7)
  8 fungi
  8 plants (Lair:6)
22 creatures vanquished.

Grand Total: 427 creatures vanquished

Notes
Turn   | Place    | Note
-------+----------+-------------------------------------------
     0 | D:1      | Dfrag the Demonspawn Fire Elementalist began the quest for the Orb.
     0 | D:1      | Reached XP level 1. HP: 13/13 MP: 3/3
   250 | D:1      | Gained mutation: You have sharp toenails. [demonic ancestry]
   250 | D:1      | Reached XP level 2. HP: 19/19 MP: 3/5
   724 | D:2      | Noticed Robin
   737 | D:2      | Reached XP level 3. HP: 17/24 MP: 6/6
   745 | D:2      | Killed Robin
   751 | D:2      | Got a faintly glowing helmet
   757 | D:2      | Identified the +0 helmet of Fun and Games {Regen+} (You took it off Robin on level 2 of the Dungeon)
  1075 | D:2      | Learned a level 3 spell: Conjure Flame
  1208 | D:2      | Gained mutation: You have razor-sharp toenails. [demonic ancestry]
  1208 | D:2      | Reached XP level 4. HP: 30/30 MP: 8/8
  1278 | D:2      | Found a runed door.
  1392 | D:2      | Noticed Crazy Yiuf
  1415 | D:2      | Killed Crazy Yiuf
  1514 | D:3      | Noticed Purgy
  1535 | D:3      | Killed Purgy
  1535 | D:3      | Gained mutation: Your movements are slightly less encumbered by armour. (ER -2) [demonic ancestry]
  1535 | D:3      | Reached XP level 5. HP: 34/35 MP: 0/10
  1564 | D:3      | Noticed Sigmund
  1600 | D:3      | Killed Sigmund
  1600 | D:3      | Gained mutation: You are immune to rotting. [demonic ancestry]
  1600 | D:3      | Reached XP level 6. HP: 29/41 MP: 5/12
  1906 | D:3      | Learned a level 4 spell: Sticky Flame
  2348 | D:4      | Noticed Eustachio
  2405 | D:4      | Killed Eustachio
  2405 | D:4      | Reached skill level 5 in Fire Magic
  2405 | D:4      | Gained mutation: You have claws for feet. [demonic ancestry]
  2405 | D:4      | Reached XP level 7. HP: 44/46 MP: 11/13
  3125 | D:5      | Entered Level 5 of the Dungeon
  3168 | D:4      | Reached skill level 5 in Spellcasting
  3177 | D:5      | Reached skill level 5 in Conjurations
  3181 | D:5      | Gained mutation: Your movements are less encumbered by armour. (ER -4) [demonic ancestry]
  3181 | D:5      | Reached XP level 8. HP: 14/52 MP: 15/15
  3234 | D:5      | Found a sparkling altar of Nemelex Xobeh.
  3969 | D:6      | Found a white marble altar of Elyvilon.
  4116 | D:6      | Noticed Grinder
  4126 | D:6      | Killed Grinder
  4171 | D:6      | Gained mutation: When hurt, damage is shared between your health and your magic reserves. [demonic ancestry]
  4171 | D:6      | Reached XP level 9. HP: 57/57 MP: 18/18
  4226 | D:6      | Noticed Menkaure
  4232 | D:6      | Killed Menkaure
  4833 | D:7      | Found a staircase to the Ecumenical Temple.
  4883 | Temple   | Entered the Ecumenical Temple
  4915 | Temple   | Became a worshipper of Gozag Ym Sagoz the Greedy
  5131 | D:7      | Found Efyguv's Magic Scroll Emporium.
  5134 | D:7      | Bought a scroll of remove curse for 39 gold pieces
  5134 | D:7      | Bought a scroll of identify for 26 gold pieces
  5134 | D:7      | Bought a scroll of noise for 13 gold pieces
  5134 | D:7      | Bought a scroll of identify for 26 gold pieces
  5134 | D:7      | Bought a scroll of magic mapping for 45 gold pieces
  5134 | D:7      | Bought a scroll of identify for 26 gold pieces
  5134 | D:7      | Bought a scroll of identify for 26 gold pieces
  5490 | D:9      | Noticed Erica
  5499 | D:9      | Learned a level 5 spell: Fireball
  5583 | D:9      | Noticed Psyche
  5584 | D:9      | Noticed Pikel
  5596 | D:9      | Killed Psyche
  5655 | D:9      | Killed Pikel
  5739 | D:9      | Reached XP level 10. HP: 53/63 MP: 1/21
  5922 | D:9      | Found a staircase to the Orcish Mines.
  5959 | D:9      | HP: 3/94 [warg (9)]
  6293 | D:9      | Killed Erica
  6325 | D:9      | Noticed a cyclops
  6498 | D:8      | Found a staircase to the Lair.
  6780 | Lair:1   | Entered Level 1 of the Lair of Beasts
  6976 | Lair:1   | Reached XP level 11. HP: 14/68 MP: 1/24
  7233 | Lair:1   | Noticed an eight-headed hydra
  7241 | Lair:1   | Noticed a five-headed hydra
  7250 | Lair:1   | Killed an eight-headed hydra
  7250 | Lair:1   | Reached skill level 10 in Conjurations
  7615 | Lair:1   | Reached skill level 10 in Fire Magic
  7760 | Lair:1   | Killed a five-headed hydra
  7882 | Lair:1   | Bought a meat ration for 65 gold pieces
  7882 | Lair:1   | Bought a bread ration for 65 gold pieces
  7882 | Lair:1   | Bought a meat ration for 65 gold pieces
  7882 | Lair:1   | Bought a bread ration for 65 gold pieces
  7882 | Lair:1   | Bought a beef jerky for 19 gold pieces
  7882 | Lair:1   | Bought 4 fruits for 78 gold pieces
  7882 | Lair:1   | Bought a meat ration for 65 gold pieces
  7882 | Lair:1   | Bought a bread ration for 65 gold pieces
  7882 | Lair:1   | Bought a meat ration for 65 gold pieces
  7916 | Lair:2   | Reached skill level 10 in Spellcasting
  8969 | Lair:3   | Noticed a seven-headed hydra
  8982 | Lair:3   | Killed a seven-headed hydra
  9382 | Lair:3   | Gained mutation: Your movements are significantly less encumbered by armour. (ER -6) [demonic ancestry]
  9382 | Lair:3   | Reached XP level 12. HP: 74/74 MP: 3/26
  9864 | Lair:4   | Noticed a death yak
  9872 | Lair:4   | Noticed a death yak
  9902 | Lair:4   | Killed a death yak
 10053 | Lair:4   | Found a staircase to the Snake Pit.
 10694 | Lair:4   | Found a staircase to the Shoals.
 10718 | Lair:4   | Noticed a death yak
 10751 | Lair:4   | Killed a death yak
 10770 | Lair:4   | Bought an inky potion for 31 gold pieces
 11124 | Lair:5   | Killed a death yak
 11148 | Lair:5   | Found a blossoming altar of Fedhas.
 11775 | Lair:6   | Entered Level 6 of the Lair of Beasts
 11836 | Lair:6   | Found a staircase to the Slime Pits.
 11903 | Lair:6   | Found a frozen archway.
 12058 | IceCv    | Entered an ice cave
 12245 | IceCv    | Killed a reaper
 12333 | IceCv    | Reached XP level 13. HP: 58/79 MP: 14/28
 12678 | IceCv    | Got a crude spear
 12684 | IceCv    | Identified the +4 spear of Abuse {chaos, MR+ MP+9 Dex+4} (You found it in an ice cave)
 13004 | Lair:6   | Paralysed by a hornet for 2 turns
 13007 | Lair:6   | HP: 3/79 [hornet (6)]
 13008 | Lair:6   | Slain by a hornet

Skill      XL: |  1  2  3  4  5  6  7  8  9 10 11 12 13 |
---------------+----------------------------------------+-----
Fire Magic     | 3 4 5 6 8 9 10 12 | 12.2
Spellcasting   | 3 4 5 6 7 9 10 11 12 | 12.0
Conjurations   | 2 3 4 5 6 8 9 11 12 | 12.7
Dodging        | |  1.7
Stealth        | |  1.7

Action                   |  1- 3 |  4- 6 |  7- 9 | 10-12 | 13-15 || total
-------------------------+-------+-------+-------+-------+-------++-------
Melee: Unarmed           |    18 |     6 |       |       |       ||    24
       Kick              |       |     1 |    23 |    36 |     9 ||    69
       Rapier            |       |       |   103 |   163 |       ||   266
       Triple sword      |       |       |       |     9 |     4 ||    13
       Spear             |       |       |       |       |    24 ||    24
 Cast: Flame Tongue      |    74 |    71 |   239 |   511 |    34 ||   929
       Conjure Flame     |       |     5 |       |     1 |       ||     6
       Sticky Flame      |       |     2 |    36 |    93 |    14 ||   145
       Fireball          |       |       |     5 |    21 |     3 ||    29
Invok: Call Merchant     |       |       |       |     2 |       ||     2
Evoke: Wand              |       |       |       |     4 |       ||     4
  Use: Scroll            |       |       |    11 |    11 |     2 ||    24
       Potion            |       |       |       |     5 |     3 ||     8
 Stab: Sleeping          |       |       |     1 |       |       ||     1
       Distracted        |       |       |       |     3 |       ||     3
  Eat: Chunk             |     1 |     5 |    11 |     2 |       ||    19
       Meat ration       |       |       |     1 |     3 |     1 ||     5
       Pizza             |       |       |     1 |       |       ||     1
       Royal jelly       |       |       |       |     3 |       ||     3
       Beef jerky        |       |       |       |     3 |       ||     3
       Fruit             |       |       |       |     4 |       ||     4
Armor: Robe              |    12 |    14 |    74 |   161 |    24 ||   285
       Skin              |       |       |       |    62 |       ||    62
Dodge: Dodged            |    36 |    19 |   136 |   327 |    43 ||   561
       Rpst.: Triple sword |       |       |       |     4 |       ||     4
